 Dungeon Crawl Stone Soup version 0.31-a0-496-g6f97920a28 (webtiles) character file.

Game seed: 1893838905657288787

1548 ytrimaz the Changeling (level 8, -7/54 HPs)
             Began as a Demonspawn Shapeshifter on Aug 8, 2023.
             Was an Initiate of Makhleb.
             Mangled by an ogre
             ... wielding a +0 giant club
              (14 damage)
             ... on level 5 of the Dungeon.
             The game lasted 00:06:49 (5262 turns).

ytrimaz the Changeling (Demonspawn Shapeshifter)    Turns: 5262, Time: 00:06:50

Health: -7/54      AC: 13    Str: 17    XL:     8   Next: 57%
Magic:  8/8        EV:  9    Int: 10    God:    Makhleb [......]
Gold:   288        SH:  0    Dex: 14    Spells: 7/7 levels left

rFire   + .          .
                       - Unarmed
rCold   . . .        (shield currently unavailable)
rNeg    . . .        l - +1 plate armour
rPois   +            (helmet restricted)
rElec   .            (no cloak)
rCorr   .            (no gloves)
SInv    .            (no boots)
Will    .....        (no amulet) Stlth
                     b - ring of protection from fire
HPRegen 0.29/turn    q - ring of poison resistance
MPRegen 0.11/turn

%: no passive effects
@: flux-form, glowing
A: glow, contaminating, antennae 2, thin metallic scales 1, spiny 1
a: Begin Untransformation, Renounce Religion


You were on level 5 of the Dungeon.
You worshipped Makhleb.
Makhleb was noncommittal.
You were something dangerously unstable.
You visited 2 branches of the dungeon, and saw 6 of its levels.

You collected 288 gold pieces.


Innate Abilities, Weirdness & Mutations

You are something dangerously unstable.
You glow with magical radiation, making you easy to see and hit.
Foes you strike become dangerously contaminated with magical radiation.
You are incapable of wielding weapons or throwing items.
You have a pair of antennae on your head.
You are partially covered in thin metallic scales. (AC +2)
You are partially covered in sharp spines.


   Skills:
 - Level 1.0 Fighting
 - Level 1.7 Dodging
 + Level 6.3 Unarmed Combat
 * Level 7.3 Shapeshifting


You had 7 spell levels left.
You didn't know any spells.
Your spell library contained the following spells:

 Spells                   Type           Power      Damage    Failure   Level
 Freeze                   Ice            0%         1d3       100%        1
 Frozen Ramparts          Ice            0%         1d1       100%        3
 Hailstorm                Conj/Ice       0%         3d3       100%        3
 Portal Projectile        Hex/Tloc       0%         N/A       100%        3
 Tukima's Dance           Hex            0%         N/A       100%        3
 Animate Armour           Summ/Erth      0%         N/A       100%        4
 Iskenderun's Mystic Bla  Conj/Tloc      0%         2d3       100%        4
 Summon Lightning Spire   Summ/Air       0%         N/A       100%        4
 Lee's Rapid Deconstruct  Erth           0%         3d4*      100%        5

Inventory:

Armour
 a - a +0 animal skin
 l - a +1 plate armour (worn)
   (You found it on level 1 of the Dungeon)
Jewellery
 b - a ring of protection from fire (left hand)
   (You found it on level 2 of the Dungeon)
 f - an amulet of faith
   (You found it on level 3 of the Dungeon)
 q - a ring of poison resistance (right hand)
   (You found it on level 2 of the Dungeon)
 w - an amulet of guardian spirit
   (You found it on level 4 of the Dungeon)
Talismans
 c - a beast talisman
 d - a flux talisman (active)
Wands
 r - a wand of flame (8)
   (You took it off Terence on level 2 of the Dungeon)
 s - a wand of polymorph (8) (quivered)
   (You took it off Duvessa on level 4 of the Dungeon)
Scrolls
 e - a scroll of teleportation
 g - a scroll of enchant armour
 m - a scroll of revelation {unknown}
 n - a scroll of immolation {unknown}
 t - a scroll of blinking {unknown}
 v - a scroll of amnesia {unknown}
 y - a scroll of identify
Potions
 h - 2 potions of attraction
 i - 2 potions of curing
 j - 2 potions of ambrosia
 k - a potion of heal wounds
 o - a potion of degeneration
 p - a potion of cancellation {unknown}
 u - a potion of resistance {unknown}
 x - a potion of invisibility {unknown}

Dungeon Overview and Level Annotations

Branches:
Dungeon (5/15) Zot: 24840  Temple (1/1) D:4 Zot: 5920

Altars:
Ashenzari
Cheibriados
Fedhas
Gozag
Kikubaaqudgha
Makhleb
Okawaru
Qazlal
Ru
Sif Muna
Trog
Uskayaw
Vehumet
Wu Jian
Xom
Yredelemnul

Annotations:
D:2 1 runed translucent door, Crazy Yiuf
D:5 2 runed translucent doors, PailKail's ghost, novice TrSh

##..⌠~.....##
#.#.##.#...## ...~~~..#.##
#.#.##..###.# ##.....##.#
#.#.....# #.# ##...####.#
#.####..###.# ##..## ##+##
#.####.#...## ....#
##...## #......##.##
##.####.....###########.#
##.###.......######.###~≈
.#.##...........B.~~≈~≈~##
....'..†......+.~O~~..≈.#
.#.##.........#≈≈≈...##.#
##.###.......###~##.###.#
##)# ##.....## ...,...#.#
#.# ##...## #.### #.# ##.#
##+## #. .# ...# #. # ####
#.


You could see an ogre (misshapen).


Message History

You hit the iguana but do no damage.
The iguana shudders as magic cascades through it!!
You kill the iguana!
Makhleb accepts your kill. 😮 HP[+1]
Things that are here:
a +0 giant spiked club; an iguana corpse You sense a monster nearby.
A dart slug comes into view. 😮 HP[+2]
You regained 2 hp, and now have 37/54 hp.
A dart slug is nearby!
A dart slug is nearby!
You are too injured to fight recklessly!
You are too injured to fight recklessly!
The dart slug launches a dart at you.
The slug dart hits you but does no damage.
You are too injured to fight recklessly!
The dart slug barely misses you.
Unknown command. 😮 HP[+1] Unknown command.
You hit the dart slug.
The dart slug begins to glow.
The dart slug is struck by your spines. The dart slug completely misses you.
You hit the dart slug.
You kill the dart slug!
Makhleb accepts your kill. 😮 HP[+1] Key pressed, stopping explore.
Things that are here:
a +0 giant spiked club; an iguana corpse Key pressed, stopping explore.
Key pressed, stopping explore.
Key pressed, stopping explore.
PailKail's ghost turns its malevolent gaze towards you.
Key pressed, stopping explore.
You open the door.
An adder comes into view.
The adder hisses angrily.
There is an open door here. 😎 HP[+15]
Your hp is fully restored (54).
An adder is nearby!
An adder is nearby!
An adder is nearby!
An adder is nearby!
An adder is nearby!
An adder is nearby!
An adder is nearby!
An adder is nearby!
An adder is nearby!
You barely miss the adder. The adder is struck by your spines.
The adder bites you but does no damage.
You barely miss the adder. The adder bites you but does no damage.
You hit the adder.
The adder begins to glow.
The adder misses you.
You hit the adder.
You kill the adder!
Makhleb accepts your kill.
You see here an adder corpse.
Unknown command.
You sense a monster nearby.
An ogre comes into view. It is wielding a +0 giant club.
The ogre shouts!
The ogre moves out of view.
An ogre is nearby!
An ogre is nearby!
You enter the shallow water.
Moving in this stuff is going to be slow.
The ogre hits you with a +0 giant club! 😕 HP[-10]
You take 10 damage, and now have 44/54 hp.
Your unstable footing causes you to fumble your attack.
The ogre is struck by your spines. The ogre hits you with a +0 giant club!
* * * LOW HITPOINT WARNING * * *
😨 HP[-17]
You take 17 damage, and now have 27/54 hp.
MASSIVE DAMAGE!! (PAUSE)
The ogre attacks as you move away!
The ogre barely misses you. 😮 HP[+1] Unknown command.
Aiming: Polymorph
Press: ? - help, Q - select action, (/) - cycle Shift-Dir - straight line, f - ogre
Aim: an ogre, wielding a +0 giant club (lightly wounded, will become a naga, an acid dragon, or a dart slug, chance to affect: 49%)
The ogre resists with some effort.
You barely miss the ogre. The ogre is struck by your spines.
The ogre hits you with a +0 giant club!!
* * * LOW HITPOINT WARNING * * *
😱 HP[-20]
You take 20 damage, and now have 8/54 hp.
MASSIVE DAMAGE!! (PAUSE)
You hit the ogre.
The ogre begins to glow.
The ogre is struck by your spines. The ogre hits you with a +0 giant club.
* * * LOW HITPOINT WARNING * * *
😱 HP[-1]
You take 1 damage, and now have 7/54 hp.
You hit the ogre but do no damage.
The ogre glows dangerously bright.
You hit the ogre.
The ogre shudders as magic cascades through it!
The ogre twists and deforms.
The ogre hits you with a +0 giant club!
You die...

Skill      XL: |  1  2  3  4  5  6  7  8 |
---------------+-------------------------+-----
Shapeshifting  | 3 4 5 6 7 |  7.3
Unarmed Combat | 3 4 5 6 |  6.3
Fighting       | |  1.0
Dodging        | |  1.7

Action                     |  1- 3 |  4- 6 |  7- 9 || total
---------------------------+-------+-------+-------++-------
  Melee: Unarmed           |    62 |    76 |   108 ||   246
         Punch             |     1 |     1 |     3 ||     5
  Evoke: Wand              |       |       |     7 ||     7
    Use: Potion            |     2 |       |       ||     2
         Scroll            |       |     8 |     2 ||    10
 Armour: Animal skin       |     5 |       |       ||     5
         Plate armour      |     2 |    29 |    45 ||    76
         Skin              |     9 |       |       ||     9
  Dodge: Dodged            |    23 |    13 |    21 ||    57
   Form: Flux              |       |       |     1 ||     1

Levels and vault maps discovered:
D:1:      amcnicky_arrival_underground_garden, layout_loops_ring
D:2:      layout_basic, uniq_terence, uniq_crazy_yiuf_cottage
D:3:      layout_loops_ring, fedhas_altar_3, kiku_gazebo_garden_becter,
          chequers_ecumenical_altar_simple
D:4:      layout_layer_cave, mainiacjoe_overflow_two_lobes,
          nicolae_gozag_cash_rules_everything_around_me, temple_fountains,
          uniq_duvessa, uniq_pikel, uniq_edmund
D:5:      layout_loops_corners, serial_rivers, chequers_serial_rivers_small_a,
          chequers_serial_rivers_micro_a, chequers_serial_rivers_micro_d,
          chequers_serial_rivers_micro_a, chequers_serial_rivers_micro_b,
          ebering_ghost_disaster_area, corexii_leaking_fountain, uniq_menkaure
Temple:   hellmonk_temple_forest_ring

Notes
Turn   | Place    | Note
-------+----------+-------------------------------------------
     0 | D:1      | ytrimaz the Demonspawn Shapeshifter began the quest for the
                  | Orb.
     0 | D:1      | Reached XP level 1. HP: 15/15 MP: 1/1
     0 | D:1      | magus.rc [v1.9.6]
   245 | D:1      | Reached skill level 3 in Shapeshifting
   245 | D:1      | Gained mutation: You are partially covered in sharp spines.
                  | [demonic ancestry]
   245 | D:1      | Reached XP level 2. HP: 20/21 MP: 2/2
   354 | D:1      | Reached skill level 3 in Unarmed Combat
   859 | D:2      | HP: 2/21 [gnoll/+0 whip (7)]
   860 | D:2      | Reached XP level 3. HP: 3/26 MP: 3/3
   866 | D:2      | HP: 1/39 [gnoll/+0 whip (2)]
  1041 | D:2      | Gained mutation: You have a pair of small antennae on your
                  | head. [demonic ancestry]
  1041 | D:2      | Reached XP level 4. HP: 31/32 MP: 4/4
  1171 | D:2      | Found a runed translucent door.
  1172 | D:2      | Noticed Crazy Yiuf
  1253 | D:2      | Noticed Terence
  1265 | D:2      | Killed Terence
  1770 | D:3      | Reached skill level 4 in Shapeshifting
  1842 | D:3      | Gained mutation: You have a pair of antennae on your head.
                  | [demonic ancestry]
  1842 | D:3      | Reached XP level 5. HP: 31/37 MP: 5/5
  1894 | D:3      | Found a faded altar of an unknown god.
  1907 | D:3      | Found a blossoming altar of Fedhas.
  1982 | D:3      | Found an ancient bone altar of Kikubaaqudgha.
  2395 | D:4      | Noticed a lemure
  2395 | D:4      | Noticed a lemure
  2402 | D:4      | Noticed Pikel
  2402 | D:4      | Noticed a lemure
  2410 | D:4      | Noticed a lemure
  2425 | D:4      | Killed Pikel
  2426 | D:4      | Reached skill level 4 in Unarmed Combat
  2426 | D:4      | Reached skill level 5 in Shapeshifting
  2426 | D:4      | Gained mutation: You are partially covered in thin metallic
                  | scales. (AC +2) [demonic ancestry]
  2426 | D:4      | Reached XP level 6. HP: 13/43 MP: 6/6
  2426 | D:4      | Reached XP level 7. HP: 15/48 MP: 7/7
  2618 | D:4      | Noticed Duvessa
  2620 | D:4      | Noticed Dowan
  2648 | D:4      | Killed Duvessa
  2649 | D:4      | Reached skill level 5 in Unarmed Combat
  2658 | D:4      | Killed Dowan
  2703 | D:4      | Found a staircase to the Ecumenical Temple.
  2715 | Temple   | Entered the Ecumenical Temple
  2786 | Temple   | Became a worshipper of Makhleb the Destroyer
  2921 | D:4      | Reached skill level 6 in Shapeshifting
  3008 | D:4      | You pick up a book of Frost and begin reading...
  3008 | D:4      | You add the spells Freeze, Frozen Ramparts and Hailstorm to
                  | your library.
  3018 | D:4      | You pick up a book of Iron and begin reading...
  3018 | D:4      | You add the spells Summon Lightning Spire, Animate Armour
                  | and Lee's Rapid Deconstruction to your library.
  3407 | D:4      | Found an iron altar of Okawaru.
  3414 | D:4      | Reached XP level 8. HP: 22/54 MP: 8/8
  3554 | D:4      | Found a basalt altar of Yredelemnul.
  3602 | D:4      | Found an opulent altar of Gozag.
  3909 | D:4      | Noticed Edmund
  3922 | D:4      | Edmund changed into Edmund the wolf
  3922 | D:4      | Noticed Edmund
  3923 | D:4      | HP: 13/54 [Edmund the wolf (5)]
  3925 | D:4      | Killed Edmund the wolf
  4287 | D:5      | Entered Level 5 of the Dungeon
  4600 | D:5      | Reached skill level 6 in Unarmed Combat
  4666 | D:5      | You pick up a book of Weapons and begin reading...
  4666 | D:5      | You add the spells Tukima's Dance, Portal Projectile and
                  | Iskenderun's Mystic Blast to your library.
  4738 | D:5      | Noticed Menkaure
  4745 | D:5      | Killed Menkaure
  4746 | D:5      | Reached skill level 7 in Shapeshifting
  5206 | D:5      | Found a large runed translucent door.
  5206 | D:5      | Found a large runed translucent door.
  5207 | D:5      | Noticed PailKail's ghost (novice TrSh)
  5259 | D:5      | HP: 8/54 [ogre/+0 giant club (20)]
  5262 | D:5      | Mangled by an ogre

Vanquished Creatures
  Pikel (D:4)
  Menkaure (D:5)
  Duvessa (D:4)
  A wolf (D:4)
  2 ogres
  2 scorpions (D:4)
  Dowan (D:4)
  3 jellies
  2 hounds
  2 sleepcaps
  2 iguanas (D:5)
  Terence (D:2)
  4 gnolls (D:2)
  6 adders
  A white imp (D:5)
  2 worms
  4 dart slugs
  2 orcs
  3 bats
  5 endoplasms
  6 giant cockroaches
  4 goblins
  5 hobgoblins
  8 kobolds
  5 quokkas
  8 ball pythons
  A frilled lizard (D:2)
  6 rats
89 creatures vanquished.

Table legend:
 A = Non-vault XP
 B = Vault XP
 C = Vault XP percentage of total XP
 D = Non-vault monster count
 E = Vault monster count
 F = Vault count percentage of total count
                 A         B        C        D         E       F
            +---------+---------+-------+---------+---------+-------
      Total |    1036 |    1176 |  53.2 |      83 |       6 |   6.7
            +---------+---------+-------+---------+---------+-------
        D:1 |      36 |       0 |   0.0 |      21 |       0 |   0.0
        D:2 |      70 |      36 |  34.0 |      13 |       1 |   7.1
        D:3 |      77 |       0 |   0.0 |      16 |       0 |   0.0
        D:4 |     486 |     968 |  66.6 |      20 |       4 |  16.7
        D:5 |     367 |     172 |  31.9 |      13 |       1 |   7.1
            +---------+---------+-------+---------+---------+-------

Skill      XL: |  1  2  3  4  5  6  7  8 |
---------------+-------------------------+-----
Shapeshifting  | 3 4 5 6 7 |  7.3
Unarmed Combat | 3 4 5 6 |  6.3
Fighting       | |  1.0
Dodging        | |  1.7

Action                     |  1- 3 |  4- 6 |  7- 9 || total
---------------------------+-------+-------+-------++-------
  Melee: Unarmed           |    62 |    76 |   108 ||   246
         Punch             |     1 |     1 |     3 ||     5
  Evoke: Wand              |       |       |     7 ||     7
    Use: Potion            |     2 |       |       ||     2
         Scroll            |       |     8 |     2 ||    10
 Armour: Animal skin       |     5 |       |       ||     5
         Plate armour      |     2 |    29 |    45 ||    76
         Skin              |     9 |       |       ||     9
  Dodge: Dodged            |    23 |    13 |    21 ||    57
   Form: Flux              |       |       |     1 ||     1

Illustrated notes

Table legend:
 A = Kills in this place as a percentage of kills in the entire game.
 B = Kills by you in this place as a percentage of kills by you in the entire game.
 C = Kills by friends in this place as a percentage of kills by friends in the entire game.
 D = Other kills in this place as a percentage of other kills in the entire game.
 E = Experience gained in this place as a percentage of experience gained in the entire game.
 F = Experience gained in this place divided by the number of levels of this place that you have seen.
                   A       B       C       D       E      F
               +-------+-------+-------+-------+-------+----------------------
         Total | 100.0 | 100.0 |   N/A |   N/A | 100.0 | 368.7
       Dungeon | 100.0 | 100.0 |   N/A |   N/A | 100.0 | 442.4
               +-------+-------+-------+-------+-------+----------------------

Table legend: (Time is in decaauts)
 A = Elapsed time spent in this place.
 B = Non-inter-level travel time spent in this place.
 C = Inter-level travel time spent in this place.
 D = Time resting spent in this place.
 E = Time spent auto-exploring this place.
 F = Levels seen in this place.
 G = Mean time per level.
                   A        B        C        D        E       F      G
               +--------+--------+--------+--------+--------+-----+--------+
         Total |   5238 |   5043 |    195 |     40 |   4149 |   6 |  873.0 |
       Dungeon |   5158 |   4963 |    195 |     40 |   4147 |   5 | 1031.6 |
        Temple |     79 |     79 |      0 |      0 |      2 |   1 |   79.0 |
               +--------+--------+--------+--------+--------+-----+--------+

Top non-repeatable levels by time:
     D:4: 1794 daAuts
     D:5: 971 daAuts
     D:1: 846 daAuts
     D:2: 824 daAuts
     D:3: 720 daAuts
  Temple: 79 daAuts
